 Seeded DCSS version 0.29.0-7-g18a832c13a (webtiles) character file.

Game seed: 18446744073709551615 (custom seed)

50 GigaChad the Trooper (level 3, 0/34 HPs)
             Began as a Minotaur Cinder Acolyte on Aug 30, 2022.
             Was a High Priest of Ignis.
             Slain by an orc wizard
             ... wielding a +0 dagger
              (3 damage)
             ... on level 2 of the Dungeon on Aug 31, 2022.
             The game lasted 00:03:09 (1964 turns).

GigaChad the Trooper (Minotaur Cinder Acolyte)      Turns: 1964, Time: 00:03:10

Health: 0/34       AC:  2    Str: 20    XL:     3   Next: 55%
Magic:  3/3        EV: 11    Int: 11    God:    Ignis [*****.]
Gold:   68         SH:  0    Dex:  5    Spells: 4/4 levels left

rFire   + . .      SeeInvis .   a - -1 falchion (flame)
rCold   . . .      Faith    .   (no shield)
rNeg    . . .      Spirit   .   b - +0 robe
rPois   .          Reflect  .   (helmet restricted)
rElec   .          Harm     .   (no cloak)
rCorr   .          Rampage  .   (no gloves)
Will    .....                   (no boots)
Stlth   +.........              (no amulet)
HPRegen 0.11/turn               (no ring)
MPRegen 0.08/turn               (no ring)

@: no status effects
A: horns 2, retaliatory headbutt
a: Renounce Religion, Fiery Armour, Foxfire Swarm, Rising Flame


You were on level 2 of the Dungeon.
You worshipped Ignis.
Ignis was extremely pleased with you.
You visited 1 branch of the dungeon, and saw 2 of its levels.

You collected 68 gold pieces.

Inventory:

Hand Weapons
 a - a -1 falchion of flaming (weapon)
Armour
 b - a +0 robe (worn)
Scrolls
 c - 3 scrolls of identify {unknown}
 d - a scroll of noise
Potions
 e - a potion of haste {unknown}
 f - 3 potions of degeneration {unknown}


   Skills:
 + Level 4.3 Fighting
 + Level 4.2 Long Blades
 + Level 0.4 Dodging
 + Level 1.0 Spellcasting
 + Level 2.6 Fire Magic


You had 4 spell levels left.
You didn't know any spells.
Your spell library contained the following spells:

 Spells                   Type           Power      Damage    Failure   Level
 Scorch                   Fire           12%        2d6       17%         2
 Summon Guardian Golem    Hex/Summ       0%         N/A       67%         3
 Orb of Destruction       Conj           0%         9d5       100%        7
 Spellforged Servitor     Conj/Summ      0%         N/A       100%        7


Dungeon Overview and Level Annotations

Branches:
Dungeon (2/15)

Altars:


Innate Abilities, Weirdness & Mutations

You have a pair of horns on your head.
You reflexively headbutt those who attack you in melee.


Message History

You barely miss the orc. Your headbutt misses the orc.
The orc hits you with a +0 short sword. The orc hits you with a +0 club.
You barely miss the orc. You headbutt the orc.
You kill the orc!
The orc closely misses you. You furiously retaliate!
You headbutt the orc.
You kill the orc!
You hear some strange, mumbled words.
A puff of flame appears from out of thin air!
The puff of flame misses you.
You miss something. Your headbutt misses something.
You hear some strange, mumbled words.
A puff of flame appears from out of thin air!
The puff of flame hits you. You resist.
You miss something. Something hits you.
You barely miss something. Your headbutt misses something. Something hits you.
You barely miss something.
You hear some strange, mumbled words.
A puff of flame appears from out of thin air!
The puff of flame hits you. You resist.
You miss something. Your headbutt misses something. Something hits you.
You closely miss something. Your headbutt misses something.
Something hits you but does no damage.
You barely miss something. Something hits you.
You hit something. You burn something.
You hear some strange, mumbled words.
Something tries to affect you, but you resist.
You barely miss something. Your headbutt misses something. Something hits you.
You closely miss something. Something hits you. x2
You hit something. You burn something. Something hits you.
* * * LOW HITPOINT WARNING * * *
You miss something. Something hits you.
* * * LOW HITPOINT WARNING * * *
You miss something. Something hits you.
* * * LOW HITPOINT WARNING * * *
You hit something but do no damage. Something hits you.
* * * LOW HITPOINT WARNING * * *
You miss something. Your headbutt misses something. Something hits you.
* * * LOW HITPOINT WARNING * * *
You miss something. Your headbutt misses something. Something hits you.
You die...

#.....# #....^# #.....#
#.....# #.....# ###
#.....# ...# ..#.###
##### ....# ..#.#
####.8.#.....#
....#######.)...@{(...[#
.)..........##.8)#.....#
.............##### ....#
.##############.# .).#
.# #.### '##
.########### #.#.# .#
...........# #.#.# #
####.......# #.#.# #
#.......# #.#.#


There were no monsters in sight!

Vanquished Creatures
  An adder (D:2)
  A dart slug (D:2)
  3 orcs (D:2)
  2 ball pythons (D:1)
  6 bats
  4 endoplasms
  5 goblins
  2 hobgoblins (D:1)
  A frilled lizard (D:1)
  5 kobolds
  4 rats
34 creatures vanquished.

Vanquished Creatures (others)
  4 foxfires (D:1)
4 creatures vanquished.

Grand Total: 38 creatures vanquished

Notes
Turn   | Place    | Note
-------+----------+-------------------------------------------
     0 | D:1      | GigaChad the Minotaur Cinder Acolyte began the quest for
                  | the Orb.
     0 | D:1      | Reached XP level 1. HP: 19/19 MP: 1/1
   245 | D:1      | Reached XP level 2. HP: 11/27 MP: 2/2
  1174 | D:2      | Found a faded altar of an unknown god.
  1349 | D:2      | Reached XP level 3. HP: 27/34 MP: 3/3
  1944 | D:2      | Found the +1 Delatra's gloves {ID++}
  1964 | D:2      | Slain by an orc wizard

Illustrated notes

Levels and vault maps discovered:
D:1:      dpeg_arrival_brainrot, layout_loops_ring
D:2:      layout_basic, hellmonk_ecumenical_altar_inner_sanctum,
          minmay_fountain_box, pf_guarded_unrand_delatra

Skill      XL: |  1  2  3 |
---------------+----------+-----
Fighting       | 4 |  4.3
Long Blades    | 4 |  4.2
Dodging        | |  0.4
Spellcasting   | |  1.0
Fire Magic     | |  2.6

Action                   || total
-------------------------++-------
Melee: Falchion          ||    93
       Headbutt          ||    11
Invok: Foxfire Swarm     ||     1
  Use: Scroll            ||     2
Armor: Robe              ||    39
Dodge: Dodged            ||    70
